 Dungeon Crawl Stone Soup version 0.30-a0-715-gdb4ae3ece1 (webtiles) character file.

Game seed: 15423358880801543246

1682117 Mitcholas the Slayer (level 27, 179/179 (197) HPs)
             Began as a Gargoyle Fighter on Jan 20, 2023.
             Was a High Priest of Okawaru.
             Escaped with the Orb
             ... and 3 runes on Jan 24, 2023!
             The game lasted 05:27:23 (68876 turns).

Mitcholas the Slayer (Gargoyle Fighter)            Turns: 68876, Time: 05:27:24

HP:   179/179 (197) AC: 75    Str: 38    XL:     27
MP:   10/10         EV: 10    Int:  5    God:    Okawaru [*****.]
Gold: 6391          SH: 20    Dex:  9    Spells: 26/39 levels left

rFire   + + +      SeeInvis +    Y - +11 eveningstar "Omic Goivec" {antimagic, rElec rF+++ Will- SInv}
rCold   + . .      Faith    +    L - +1 tower shield {reflect}
rNeg    + . .      Spirit   .    b - +10 crystal plate armour "Usaepp" {rF+}
rPois   ∞          Reflect  +    T - +2 hat {Will+}
rElec   +          Harm     .    c - +2 cloak of Waedepnef {rElec rF+ Slay+3 SInv}
rCorr   .          Rampage  .    I - +3 pair of gauntlets of War {Slay+5}
Will    ++++.                    t - +2 pair of boots Stlth
                                 C - amulet of faith
HPRegen 0.49/turn                w - ring "Ynlisk" {Ice rElec Will+ Str+4 Stlth-}
MPRegen 0.12/turn                y - ring of willpower

@: flying, studying Necromancy, drained
A: sickness immunity, AC +20, big wings, negative energy resistance 1,
electricity resistance, torment resistance 1, petrification resistance,
deterioration 1, dopey 2
0: Orb of Zot
}: 3/15 runes: decaying, serpentine, silver
a: Renounce Religion, Heroism, Finesse, Duel


You escaped.
You worshipped Okawaru.
Okawaru was extremely pleased with you.
You visited 10 branches of the dungeon, and saw 48 of its levels.
You visited the Abyss 1 time.
You visited 1 bazaar.
You also visited: Trove.

You collected 10084 gold pieces.
You spent 3693 gold pieces at shops.

Inventory:

Hand Weapons
 Y - the +11 eveningstar "Omic Goivec" (weapon) {antimagic, rElec rF+++ Will- SInv}
   (Okawaru gifted it to you on level 2 of the Lair of Beasts)

   rF:        It renders you almost immune to fire.
   rElec:     It insulates you from electricity.
   SInv:      It lets you see invisible.
   Will:      It decreases your willpower.
Missiles
 G - 3 throwing nets
Armour
 b - the +10 crystal plate armour "Usaepp" (worn) {rF+}
   (Okawaru gifted it to you on level 2 of the Realm of Zot)

   rF:        It protects you from fire.
 c - the +2 cloak of Waedepnef (worn) {rElec rF+ Slay+3 SInv}
   (Okawaru gifted it to you on level 2 of the Orcish Mines)

   Slay:      It affects your accuracy & damage with ranged weapons and melee
   (+3).
   rF:        It protects you from fire.
   rElec:     It insulates you from electricity.
   SInv:      It lets you see invisible.
 t - a +2 pair of boots (worn)
 I - the +3 pair of gauntlets of War (worn) {Slay+5}
   (You bought it in a shop on level 3 of the Vaults)

   Slay:      It affects your accuracy & damage with ranged weapons and melee
   (+5).
 L - a +1 tower shield of reflection (worn)
 T - a +2 hat of willpower (worn)
Jewellery
 k - a ring of resist corrosion
 w - the ring "Ynlisk" (left hand) {Ice rElec Will+ Str+4 Stlth-}
   (You took it off Josephina on level 2 of the Depths)

   [ring of ice]

   It enhances your ice magic.
   Str:       It affects your strength (+4).
   rF:        It makes you vulnerable to fire.
   rC:        It protects you from cold.
   rElec:     It insulates you from electricity.
   Will:      It increases your willpower.
   Stlth:     It makes you less stealthy.
 y - a ring of willpower (right hand)
 C - an amulet of faith (around neck)
Wands
 a - a wand of flame (31) (quivered)
 e - a wand of digging (4)
 r - a wand of acid (25)
 E - a wand of mindburst (14)
 P - a wand of paralysis (48)
 V - a wand of roots (32)
 W - a wand of polymorph (31)
Scrolls
 i - a scroll of amnesia
 n - a scroll of magic mapping
 v - 6 scrolls of blinking
 x - 17 scrolls of teleportation
 B - 7 scrolls of silence
 F - 6 scrolls of fog
 H - 4 scrolls of poison
 N - a scroll of fear
 R - 5 scrolls of immolation
Potions
 d - 9 potions of might
 f - 34 potions of curing
 g - 4 potions of brilliance
 h - a potion of invisibility
 m - 9 potions of lignification
 o - 3 potions of ambrosia
 p - 3 potions of cancellation
 s - 5 potions of heal wounds
 u - a potion of haste
 M - 2 potions of resistance
 Q - 5 potions of berserk rage
 S - 5 potions of magic
Miscellaneous
 l - a tin of tremorstones (2/2)
 z - a condenser vane
 J - a phial of floods
 O - a lightning rod (4/4)


   Skills:
 + Level 26.6 Fighting
 + Level 20.6 Maces & Flails
 + Level 24.6 Armour
 + Level 11.1 Dodging
 * Level 19.5 Shields
 - Level 6.6 Spellcasting
 - Level 2.9 Conjurations
 - Level 7.0 Necromancy
 - Level 9.3 Earth Magic
 - Level 13.0 Invocations
 - Level 8.0 Evocations


You had 26 spell levels left.
You knew the following spells:

 Your Spells              Type           Power      Damage    Failure   Level
a - Borgnjor's Vile Clut  Necr/Erth      4%         N/A       95%         5
b - Lehudib's Crystal Sp  Conj/Erth      3%         10d3      100%        8

Your spell library contained the following spells:

 Spells                   Type           Power      Damage    Failure   Level
 Sandblast                Erth           22%        2d7       6%          1
 Necrotise                Necr           32%        1d5       16%         1
 Vampiric Draining        Necr           8%         2d6       43%         3
 Passwall                 Tmut/Erth      5%         N/A       52%         2
 Stone Arrow              Conj/Erth      14%        3d7       56%         3
 Foxfire                  Conj/Fire      12%        2x1d4     83%         1
 Shock                    Conj/Air       12%        1d3       83%         1
 Lee's Rapid Deconstruct  Erth           5%         3d6*      86%         5
 Momentum Strike          Conj/Tloc      6%         3d8       93%         2
 Static Discharge         Conj/Air       6%         2-3/arc   93%         2
 Freeze                   Ice            8%         1d3       96%         1
 Sting                    Tmut/Pois      4%         1d3       96%         1
 Blink                    Tloc           2%         N/A       99%         2
 Ensorcelled Hibernation  Hex/Ice        4%         N/A       99%         2
 Lesser Beckoning         Tloc           2%         N/A       99%         2
 Poisonous Vapours        Pois/Air       2%         N/A       99%         2
 Dazzling Flash           Conj/Hex       6%         N/A       99%         3
 Hailstorm                Conj/Ice       4%         3d4       99%         3
 Mephitic Cloud           Conj/Pois/Air  2%         N/A       99%         3
 Leda's Liquefaction      Hex/Erth       3%         N/A       99%         4
 Petrify                  Tmut/Erth      6%         N/A       99%         4
 Agony                    Necr           8%         N/A       99%         5
 Confusing Touch          Hex            1%         N/A       100%        3
 Frozen Ramparts          Ice            4%         1d1       100%        3
 Gell's Gravitas          Tloc           1%         N/A       100%        3
 Inner Flame              Hex/Fire       1%         N/A       100%        3
 Portal Projectile        Hex/Tloc       2%         N/A       100%        3
 Spider Form              Tmut/Pois      1%         N/A       100%        3
 Swiftness                Air            1%         N/A       100%        3
 Teleport Other           Tloc           1%         N/A       100%        3
 Vhi's Electric Charge    Tloc/Air       2%         N/A       100%        3
 Airstrike                Air            0%         2d(1-17)  100%        4
 Anguish                  Hex/Necr       2%         N/A       100%        4
 Cause Fear               Hex            0%         N/A       100%        4
 Flame Wave               Conj/Fire      3%         2d5       100%        4
 Iskenderun's Mystic Bla  Conj/Tloc      3%         2d3       100%        4
 Manifold Assault         Tloc           1%         N/A       100%        4
 Olgreb's Toxic Radiance  Pois           1%         N/A       100%        4
 Passage of Golubria      Tloc           1%         N/A       100%        4
 Sticky Flame             Conj/Fire      3%         2d3       100%        4
 Alistair's Intoxication  Tmut/Pois      0%         N/A       100%        5
 Arcjolt                  Conj/Air       1%         1d11      100%        5
 Fireball                 Conj/Fire      1%         3d3       100%        5
 Irradiate                Conj/Tmut      1%         3d12      100%        5
 Iskenderun's Battlesphe  Conj           4%         2d6       100%        5
 Lightning Bolt           Conj/Air       1%         1d12      100%        5
 Yara's Violent Unravell  Hex/Tmut       0%         3d3       100%        5
 Conjure Ball Lightning   Conj/Air       1%         3x3d6     100%        6
 Dispersal                Tloc           0%         N/A       100%        6
 Eringya's Noxious Bog    Tmut/Pois      0%         N/A       100%        6
 Iron Shot                Conj/Erth      3%         9d2       100%        6
 Starburst                Conj/Fire      1%         6d3       100%        6
 Dragon Form              Tmut           0%         N/A       100%        7
 Enfeeble                 Hex            0%         N/A       100%        7
 Orb of Destruction       Conj           2%         9d5       100%        7
 Storm Form               Tmut/Air       0%         N/A       100%        7
 Discord                  Hex            0%         N/A       100%        8
 Ignition                 Fire           0%         3d3       100%        8
 Maxwell's Capacitive Co  Air            0%         ∞         100%        8
 Sublimation of Blood     Necr           Unusable   N/A       N/A         2
 Cigotuvi's Dreadful Rot  Necr/Pois/Air  Unusable   N/A       N/A         2
 Animate Armour           Summ/Erth      Unusable   N/A       N/A         4
 Call Canine Familiar     Summ           Unusable   N/A       N/A         3
 Tukima's Dance           Hex            Unusable   N/A       N/A         3
 Summon Lightning Spire   Summ/Air       Unusable   N/A       N/A         4
 Statue Form              Tmut/Erth      Unusable   N/A       N/A         6
 Infestation              Necr           Unusable   N/A       N/A         8
 Dragon's Call            Summ           Unusable   N/A       N/A         9

Dungeon Overview and Level Annotations

Branches:
Dungeon (15/15)            Temple (1/1) D:5            Lair (5/5) D:11
  Swamp (4/4) Lair:3        Snake (4/4) Lair:3        Slime (0/5) Lair:4
    Orc (2/2) D:11            Elf (3/3) Orc:2        Vaults (5/5) D:13
  Crypt (0/3) Vaults:2     Depths (4/4) D:15            Zot (5/5) Depths:4

Altars:
Ashenzari
Cheibriados
Dithmenos
Elyvilon
Fedhas
Gozag
Hepliaklqana
Kikubaaqudgha
Makhleb
Nemelex Xobeh
Okawaru
Qazlal
Ru
Sif Muna
Trog
Uskayaw
Vehumet
Wu Jian
Xom
Yredelemnul
Zin
The Shining One
Jiyva
Lugonu

Shops:
D:3 (   D:5 (   D:14 *   D:15 ?   Orc:2 :[!*   Elf:1 ?   Elf:2 *   Snake:2 [
Vaults:2 (   Vaults:3 *(!**   Zot:3 *

Portals:
Hell: Depths:1 Depths:2 Depths:3 Depths:4
Abyss: Depths:1 Depths:3 Depths:4
Pandemonium: Orc:2 Depths:2
Ziggurat: Depths:4

Annotations:
D:5 1 runed translucent door, Crazy Yiuf
D:9 1 runed translucent door, baller8008's ghost, novice TrBe
Snake:2 2 transporters, Hizuomou's ghost, journeyman OpTm
Elf:2 exclusion: deep elf knight
Elf:3 3 runed translucent doors
Depths:1 3 runed translucent doors, Maimpaagh's ghost, adept GrEE
Depths:4 exclusions: angel, daeva and 2 more exclusions


Innate Abilities, Weirdness & Mutations

You are immune to sickness and miasma.
Your stone body is resilient. (AC +20)
You are immune to poison.
Your large and strong wings let you fly.
You resist negative energy. (rN+)
You are resistant to electric shocks. (rElec)
You are resistant to unholy torment.
You are immune to petrification.
Your body sometimes deteriorates upon taking damage.
You are very dopey. (Int -4)


Message History

The blizzard demon waves its arms in wide circles.
The air twists around and strikes you.
A hellwing and 2 smoke demons come into view.
The smoke demon roars! x2
The hellwing moves out of view.
There is a stone staircase leading up here.
You fly upwards.
There is a stone staircase leading down here.
(D) Dungeon (T) Temple (L) Lair (S) Swamp (P) Snake Pit (M) Slime Pits (O) Orcish Mines (E) Elven Halls (V) Vaults (C) Crypt (U) Depths (H) Hell (Z) Zot
Where to? (Enter - D:1 @ (x,y), ? - help)
There is a stone staircase leading up here.
You fly upwards.
Level annotation: 1 runed translucent door, Crazy Yiuf
There is a stone staircase leading down here.
There is a stone staircase leading up here.
You fly upwards.
There is a stone staircase leading down here.
Your extra speed is starting to run out.
Magic restored.
There is a stone staircase leading up here.
You fly upwards.
You feel yourself slow down.
There is a stone staircase leading down here.
Your hands slow down.
HP restored.
Things that are here:
a +0 leather armour; a +0 dagger You see here a +0 spear.
There is an escape hatch in the ceiling here.
A mysterious force pulls you upwards. The hatch slams shut behind you.
There is a stone staircase leading up here.
You fly upwards.
There is a stone staircase leading down here.
There is an open door here.
You see here a +0 short sword.
There is a staircase leading out of the dungeon here.
You have escaped!

#..............# #.#
#...##########.# #.#
#####...### ##.# #.#
..........#######..#
#.##
##..#...#.#≈≈≈≈≈...#
#...
#..##.##.≈≈≈≈≈...(#
####
#.....##.≈≈≈≈~....#
##.##.##.≈≈≈~≈....#
#.......≈≈≈.≈.@..#
####.##.≈≈≈......#
#.##.≈≈≈......#
#########
#.##.≈≈≈≈.....#
#........
#.##.#≈≈≈.≈≈≈##
#.######.
###.##.#≈≈≈≈≈≈≈# #.#
####.
#......######### #.#
#.... #.#.#.## #.#
#.##. #.....####
#.###.##.


There were no monsters in sight!

Vanquished Creatures
  8 dread liches
  5 orbs of fire
  4 ancient liches
  A pandemonium lord (D:7)
  Sojobo (Depths:4)
  Josephina (Depths:2)
  Bai Suzhen (Depths:1)
  Margery (Depths:4)
  6 Killer Klowns (Zot:5)
  Vashnia (Snake:3)
  A caustic shrike (Depths:3)
  2 curse toes
  7 golden dragons
  The ghost of Zaets the Cryomancer, a veteran SpEn of Jiyva (Zot:3)
  Nikola (Swamp:2)
  2 bone dragons (Depths:1)
  4 doom hounds
  5 Tzitzimimeh
  4 electric golems
  14 tentacled monstrosities
  2 hellephants (Depths:1)
  3 liches
  Asterion (Depths:1)
  Grunn (Depths:1)
  A walking frostbound tome (Depths:4)
  The ghost of Lisoumnu the Warrior, an adept VSBe of Trog (Vaults:2)
  3 deep elf master archers
  3 deep elf blademasters
  27 Orb Guardians
  4 sphinxes
  4 titans
  8 death cobs
  7 quicksilver dragons
  Gastronok (D:10)
  7 tengu reavers
  6 shadow dragons
  A draconian monk (Zot:2)
  23 storm dragons
  Kirke (Snake:3)
  15 nagarajas
  A fenstrider witch (Swamp:3)
  3 draconian scorchers
  4 draconian knights
  14 vault wardens
  5 fire giants
  6 deep elf sorcerers
  10 frost giants
  Louise (Depths:3)
  2 ghost moths
  An orc warlord (Orc:1)
  2 iron dragons (Vaults:5)
  2 draconian shifters
  2 draconian stormcallers
  3 draconian annihilators
  19 ironbound preservers
  3 deep elf elementalists (Elf:3)
  6 ironbound thunderhulks
  5 spriggan defenders (Depths:3)
  13 very ugly things
  17 stone giants
  2 reapers (Depths:1)
  A broodmother (shapeshifter) (D:15)
  A war gargoyle (Vaults:1)
  8 green draconians
  2 eleionomae
  6 putrid mouths
  4 deep elf annihilators (Elf:3)
  2 bunyips
  8 black draconians
  22 dire elephants
  6 spark wasps
  10 deep elf demonologists
  14 purple draconians
  A minotaur (shapeshifter) (Vaults:4)
  10 white draconians
  9 red draconians
  11 yellow draconians
  Snorg (Lair:5)
  14 ettins
  14 fire dragons
  5 deep elf death magi
  A green death (D:13)
  A shambling mangrove (Swamp:4)
  2 crystal guardians
  3 deep elf high priests
  2 merfolk javelineers
  2 entropy weavers (Vaults:3)
  5 great orbs of eyes
  10 ice dragons
  A spectral shadow dragon (Vaults:2)
  25 hydras
  14 yaktaur captains
  5 salamander tyrants
  A juggernaut simulacrum (Depths:2)
  A rakshasa (Depths:2)
  4 ogre magi
  3 ghost crabs
  41 vault guards
  A catoblepas (Lair:5)
  3 peacekeepers
  3 demonspawn (Orc:2)
  A spectral stone giant (Vaults:2)
  5 spriggan air magi
  4 merfolk avatars (Swamp:1)
  7 centaur warriors
  6 anacondas
  9 ironbound frosthearts
  18 dancing weapons
  7 alligators
  13 naga warriors
  8 death yaks (Lair:5)
  A satyr (shapeshifter) (Vaults:5)
  A deep troll shaman (Depths:2)
  7 tengu warriors
  7 boulder beetles
  6 deep troll earth magi
  8 shock serpents
  24 naga sharpshooters
  9 spriggan berserkers
  6 orc high priests (Orc:2)
  2 soul eaters (Orc:2)
  15 deep elf knights
  9 spriggans
  A wretched star (Abyss:2)
  7 hell knights
  2 iron trolls
  2 spectral yaktaurs (Vaults:2)
  4 goliath frogs
  53 deep trolls
  A sixfirhy (D:12)
  A spectral human (Vaults:2)
  2 sea snakes (Snake:1)
  An orb spider (shapeshifter) (Depths:3)
  6 salamander mystics
  7 glowing orange brains
  4 flayed ghosts
  An obsidian statue (Zot:3)
  A spriggan druid (Swamp:1)
  8 swamp dragons
  A sea snake (shapeshifter) (Vaults:4)
  7 naga ritualists
  13 lindwurms
  7 bog bodies
  38 ugly things
  3 necromancers
  5 wizards
  3 harpies (Vaults:1)
  A steelbarb worm (shapeshifter) (Vaults:5)
  17 ironbound convokers
  14 deep elf archers
  6 orc knights
  4 phantasmal warriors
  28 deep elf zephyrmancers
  4 mana vipers
  19 deep elf pyromancers
  7 orc sorcerers
  4 oklob plants
  A faun (shapeshifter) (Vaults:5)
  A spectral ettin (Vaults:2)
  A manticore (shapeshifter) (Vaults:5)
  4 cyclopes
  23 salamanders
  3 manticores (D:15)
  A will-o-the-wisp (Swamp:3)
  2 elephants (shapeshifter)
  35 moths of wrath
  16 naga magi
  35 black mambas
  16 vault sentinels
  6 elephants (Lair:5)
  8 guardian serpents
  5 molten gargoyles
  3 gargoyles
  2 torpor snails
  15 cane toads
  2 efreet
  4 rime drakes
  An unseen horror (D:13)
  A kobold demonologist (D:9)
  43 yaktaurs
  5 komodo dragons
  3 tormentors (Depths:1)
  A freezing wraith (Vaults:5)
  2 tengu conjurers
  2 yaktaur skeletons (Vaults:5)
  A golden dragon simulacrum (Depths:2)
  A red devil (Depths:1)
  A human skeleton (Vaults:5)
  A shadow dragon simulacrum (Depths:2)
  7 tyrant leeches
  11 hornets
  6 trolls
  9 blink frogs
  A hornet (shapeshifter) (Elf:1)
  A hellwing (Orc:2)
  9 dream sheep (Lair:5)
  A dream sheep (shapeshifter) (Vaults:4)
  31 slime creatures
  A stone giant simulacrum (Vaults:2)
  Sigmund (D:6)
  4 air elementals
  An ettin skeleton (Vaults:5)
  6 water elementals
  4 wyverns
  3 wraiths
  2 shadows
  3 basilisks
  41 yaks
  A vampire (D:11)
  6 hogs
  A neqoxec (Orc:2)
  6 fire elementals
  A human (Snake:4)
  4 steam dragons
  6 redbacks (Vaults:3)
  4 vampire mosquitoes (D:14)
  39 nagas
  A yaktaur simulacrum (Vaults:5)
  6 wargs
  11 swamp worms
  6 acid dragons
  15 water moccasins
  A meliai simulacrum (D:14)
  2 sky beasts (D:7)
  An elf simulacrum (Vaults:2)
  33 orc warriors
  3 ice beasts
  4 swamp drakes (Swamp:4)
  8 ogres
  2 black bears
  16 wolves
  6 centaurs
  2 phantoms
  2 kobold brigands (D:8)
  10 bullfrogs
  3 scorpions
  3 earth elementals
  A necrophage (D:5)
  4 gnoll sergeants
  22 wights
  2 glowing shapeshifter simulacra (Vaults:2)
  12 killer bees
  3 howler monkeys
  8 electric eels
  A crimson imp (D:10)
  A lava snake (D:11)
  4 hounds
  2 jellies
  21 orc priests
  A gnoll bouda (D:6)
  Jessica (D:2)
  7 iguanas
  15 orc wizards
  A hell rat (Lair:5)
  Natasha (thrice) (D:4)
  A mummy (D:9)
  Robin (D:2)
  29 gnolls
  11 adders
  2 white imps
  An ufetubus (D:4)
  64 orcs
  6 ball pythons
  8 endoplasms
  3 giant cockroaches
  10 hobgoblins
  3 jackals (D:3)
  22 kobolds
  3 quokkas
  10 bats
  2 frilled lizards
  17 goblins
  9 rats
1943 creatures vanquished.

Vanquished Creatures (others)
  A white draconian (Zot:3)
  A deep elf knight (Elf:1)
  A deep elf archer (Elf:1)
  A deep elf pyromancer (Elf:1)
  A bloated husk (Swamp:2)
  A spectral human (Vaults:2)
  A fire giant simulacrum (Depths:2)
  2 spriggans
  2 water elementals (Elf:1)
  A water moccasin (shapeshifter) (Vaults:5)
  An orc (D:15)
  41 fungi
  65 plants
  5 toadstools (D:3)
  40 withered plants
164 creatures vanquished.

Grand Total: 2107 creatures vanquished

Notes
Turn   | Place    | Note
-------+----------+-------------------------------------------
     0 | D:1      | Mitcholas the Gargoyle Fighter began the quest for the Orb.
     0 | D:1      | Reached XP level 1. HP: 14/14 MP: 1/1
   231 | D:1      | Reached XP level 2. HP: 19/19 MP: 2/2
   556 | D:1      | Found a faded altar of an unknown god.
   910 | D:2      | Found an ancient bone altar of Kikubaaqudgha.
   926 | D:2      | Noticed Jessica
   938 | D:2      | Reached XP level 3. HP: 23/23 MP: 3/3
   940 | D:2      | Killed Jessica
  1013 | D:2      | Noticed Robin
  1016 | D:2      | Reached XP level 4. HP: 28/28 MP: 4/4
  1061 | D:2      | Killed Robin
  1747 | D:2      | Reached skill level 5 in Maces & Flails
  1747 | D:2      | Reached XP level 5. HP: 28/32 MP: 5/5
  1898 | D:3      | Found Burufoum's Weapon Emporium.
  2413 | D:3      | Noticed a phantom
  2458 | D:2      | Killed a phantom
  2459 | D:2      | Reached XP level 6. HP: 23/37 MP: 6/6
  3004 | D:4      | Noticed Natasha
  3017 | D:4      | Killed Natasha
  3160 | D:4      | Noticed Natasha
  3185 | D:4      | Killed Natasha
  3255 | D:4      | Found a sacrificial altar of Ru.
  3268 | D:4      | Reached XP level 7. HP: 39/41 MP: 7/7
  3528 | D:4      | Noticed Natasha
  3546 | D:4      | Killed Natasha
  3845 | D:4      | Found a bloodstained altar of Trog.
  4074 | D:5      | Entered Level 5 of the Dungeon
  4144 | D:5      | Found a staircase to the Ecumenical Temple.
  4149 | Temple   | Entered the Ecumenical Temple
  4328 | Temple   | Became a worshipper of Warmaster Okawaru
  4406 | D:5      | Found an ornate altar of the Wu Jian Council.
  4525 | D:5      | Found Nunwahu's Weapon Boutique.
  4819 | D:5      | Reached XP level 8. HP: 46/46 MP: 8/8
  4911 | D:5      | Reached * piety under Okawaru
  5073 | D:5      | Found a runed translucent door.
  5074 | D:5      | Noticed Crazy Yiuf
  5361 | D:6      | Reached skill level 1 in Invocations
  5480 | D:6      | Reached skill level 1 in Evocations
  5504 | D:6      | Found a blossoming altar of Fedhas.
  6105 | D:6      | Reached ** piety under Okawaru
  6106 | D:6      | Reached skill level 4 in Fighting
  6108 | D:6      | Noticed Sigmund
  6118 | D:6      | Killed Sigmund
  6208 | D:6      | Reached XP level 9. HP: 46/52 MP: 10/10
  7010 | D:7      | Reached skill level 10 in Maces & Flails
  7120 | D:7      | Reached *** piety under Okawaru
  7263 | D:7      | Reached skill level 5 in Armour
  7271 | D:7      | Reached skill level 5 in Shields
  7277 | D:7      | Reached skill level 5 in Fighting
  7615 | D:7      | Identified the +7 dagger of Hatred {drain, Fly rElec rF-
                  | Int+6}
  7688 | D:7      | Found a shimmering altar of Xom.
  7918 | D:8      | Noticed a hornet
  7937 | D:7      | Killed a hornet
  7938 | D:7      | Reached XP level 10. HP: 33/60 MP: 13/13
  8131 | D:8      | Reached **** piety under Okawaru
  8250 | D:8      | Reached skill level 6 in Fighting
  8621 | D:8      | Reached skill level 1 in Dodging
  8634 | D:8      | Found a stormy altar of Qazlal.
  8703 | D:9      | Found a burning altar of Makhleb.
  8959 | D:9      | Found a snail-covered altar of Cheibriados.
  9006 | D:9      | Found a runed translucent door.
  9007 | D:9      | Found a shimmering altar of Xom.
  9007 | D:9      | Noticed baller8008's ghost (novice TrBe)
  9008 | D:9      | Noticed a +1 dire flail of chaos
  9071 | D:9      | Reached skill level 5 in Invocations
  9117 | D:9      | Found a broken altar of Ashenzari.
  9178 | D:9      | Found a glowing golden altar of the Shining One.
  9211 | D:9      | Reached ***** piety under Okawaru
  9724 | D:9      | Noticed a purple ugly thing
  9754 | D:9      | Killed a purple ugly thing
  9755 | D:9      | Reached skill level 7 in Fighting
  9866 | D:9      | Found a hide-covered altar of Uskayaw.
  9904 | D:9      | Noticed a kobold demonologist
  9911 | D:9      | Noticed an orange demon
  9921 | D:9      | Killed a kobold demonologist
  9922 | D:9      | Reached XP level 11. HP: 57/67 MP: 13/15
 10341 | D:10     | Entered Level 10 of the Dungeon
 10440 | D:10     | Noticed Gastronok
 10465 | D:10     | Killed Gastronok
 10818 | D:10     | Reached skill level 8 in Fighting
 11007 | D:10     | Identified the +1 chain mail of Goostow {rPois Regen+ Dex+4
                  | Slay+3} (Okawaru gifted it to you on level 10 of the
                  | Dungeon)
 11007 | D:10     | Received a gift from Okawaru
 11529 | D:11     | Reached skill level 5 in Evocations
 11884 | D:11     | Noticed a cyclops
 11905 | D:11     | Killed a cyclops
 12434 | D:11     | Noticed an oklob plant
 12678 | D:11     | Noticed an oklob plant
 13170 | D:11     | Killed an oklob plant
 13171 | D:11     | Reached skill level 9 in Fighting
 13171 | D:11     | Reached XP level 12. HP: 63/76 MP: 16/16
 13185 | D:11     | Found a staircase to the Lair.
 13261 | D:11     | Found a staircase to the Orcish Mines.
 13314 | Lair:1   | Entered Level 1 of the Lair of Beasts
 14560 | Lair:1   | Reached ****** piety under Okawaru
 14566 | Lair:1   | Reached skill level 10 in Fighting
 14601 | Lair:2   | Identified the +11 eveningstar "Omic Goivec" {antimagic,
                  | rElec rF+++ Will- SInv} (Okawaru gifted it to you on level
                  | 2 of the Lair of Beasts)
 14601 | Lair:2   | Received a gift from Okawaru
 14621 | Lair:2   | Noticed a four-headed hydra
 14628 | Lair:2   | Killed a four-headed hydra
 15189 | Lair:2   | Found a stormy altar of Qazlal.
 15265 | Lair:2   | Learned a level 5 spell: Borgnjor's Vile Clutch
 15347 | Lair:3   | Received a gift from Okawaru
 15437 | Lair:3   | Reached XP level 13. HP: 83/83 MP: 6/18
 15647 | Lair:3   | Reached skill level 11 in Fighting
 15730 | Lair:3   | Found a staircase to the Swamp.
 15930 | Lair:3   | Found a staircase to the Snake Pit.
 15985 | Lair:3   | Reached skill level 5 in Dodging
 16595 | Lair:4   | Received a gift from Okawaru
 16720 | Lair:4   | Found a staircase to the Slime Pits.
 16720 | Lair:4   | Found a viscous altar of Jiyva.
 17028 | Lair:5   | Entered Level 5 of the Lair of Beasts
 17220 | Lair:4   | Reached skill level 12 in Fighting
 17377 | Lair:5   | Noticed Snorg
 17386 | Lair:5   | Killed Snorg
 17386 | Lair:5   | Identified the +6 ring mail of Idealism {rElec rF- Dex+7
                  | SInv} (Okawaru gifted it to you on level 5 of the Lair of
                  | Beasts)
 17386 | Lair:5   | Received a gift from Okawaru
 17575 | Lair:5   | Gained mutation: Your large and strong wings let you fly.
                  | [Gargoyle growth]
 17575 | Lair:5   | Reached XP level 14. HP: 59/92 MP: 6/20
 17766 | Lair:5   | Reached skill level 10 in Armour
 17964 | Lair:5   | Reached skill level 13 in Fighting
 17989 | Lair:5   | Reached skill level 15 in Maces & Flails
 18365 | Lair:5   | Received a gift from Okawaru
 19716 | D:13     | Reached skill level 10 in Invocations
 19918 | D:13     | Identified the +2 leather armour of Perpetual Drought
                  | {rCorr}
 20006 | D:13     | Reached skill level 14 in Fighting
 20026 | D:13     | Identified the +1 buckler of the Lusting Gods {+Inv Int+7}
                  | (Okawaru gifted it to you on level 13 of the Dungeon)
 20026 | D:13     | Received a gift from Okawaru
 20105 | D:13     | Found a gate to the Vaults.
 20259 | D:14     | Found Motoe's General Store.
 20263 | D:14     | Bought a potion of resistance for 150 gold pieces
 20330 | D:14     | Reached XP level 15. HP: 100/100 MP: 7/22
 20640 | D:14     | Found a stormy altar of Qazlal.
 21620 | D:15     | Entered Level 15 of the Dungeon
 21743 | D:15     | Found an ancient bone altar of Kikubaaqudgha.
 21852 | D:15     | Reached skill level 15 in Fighting
 22221 | D:15     | Found Urin's Magic Scroll Shoppe.
 22234 | D:15     | Bought a scroll of identify for 26 gold pieces
 22234 | D:15     | Bought a scroll of identify for 26 gold pieces
 22234 | D:15     | Bought a scroll of identify for 26 gold pieces
 22437 | D:15     | Found a staircase to the Depths.
 22684 | Orc:1    | Entered Level 1 of the Orcish Mines
 22965 | Orc:2    | Entered Level 2 of the Orcish Mines
 23004 | Orc:1    | Noticed an orc warlord
 23035 | Orc:1    | Killed an orc warlord
 23196 | Orc:2    | Received a gift from Okawaru
 23205 | Orc:2    | Found a staircase to the Elven Halls.
 24471 | Orc:2    | Found Obumidih's Distillery.
 24473 | Orc:2    | Found Moesm's General Store.
 24561 | Orc:2    | Gained mutation: You are dopey. (Int -2) [a neqoxec]
 24789 | Orc:2    | Reached skill level 16 in Fighting
 25033 | Orc:2    | Identified the +2 cloak of Waedepnef {rElec rF+ Slay+3
                  | SInv} (Okawaru gifted it to you on level 2 of the Orcish
                  | Mines)
 25033 | Orc:2    | Received a gift from Okawaru
 25133 | Orc:2    | Reached XP level 16. HP: 83/111 MP: 8/24
 25160 | Orc:2    | Found Mowel's Book Boutique.
 25160 | Orc:2    | Found Imarr's Antique Armour Shop.
 25161 | Orc:2    | Found a one-way gate leading to the halls of Pandemonium.
 25340 | Lair:3   | Upgraded the game from 0.30-a0-696-g2367cd04db to
                  | 0.30-a0-715-gdb4ae3ece1
 25341 | Swamp:1  | Entered Level 1 of the Swamp
 25685 | Swamp:1  | Reached skill level 1 in Earth Magic
 25793 | Swamp:1  | Reached skill level 1 in Spellcasting
 25904 | Swamp:1  | Reached skill level 1 in Necromancy
 26742 | Swamp:2  | Noticed Nikola
 26754 | Swamp:2  | Killed Nikola
 26754 | Swamp:2  | Identified the +1 cloak of Daffodils {rF+ Str+5} (Okawaru
                  | gifted it to you on level 2 of the Swamp)
 26754 | Swamp:2  | Received a gift from Okawaru
 27012 | Swamp:3  | Noticed a fenstrider witch
 27021 | Swamp:3  | Killed a fenstrider witch
 27147 | Swamp:3  | Identified the +3 scale mail "Qyame" {Str+4}
 27588 | Swamp:4  | Entered Level 4 of the Swamp
 28090 | Swamp:4  | Reached skill level 17 in Fighting
 28305 | Swamp:4  | Identified the +1 ring mail of the Iron Devil {*Slow +Blink
                  | Dex+4} (Okawaru gifted it to you on level 4 of the Swamp)
 28305 | Swamp:4  | Received a gift from Okawaru
 28317 | Swamp:4  | Reached XP level 17. HP: 117/117 MP: 8/26
 28494 | Swamp:4  | Got a decaying rune of Zot
 28699 | Snake:1  | Entered Level 1 of the Snake Pit
 30138 | Snake:1  | Identified the +10 trident "Jyciacu" {drain, rPois Will+
                  | Dex-5}
 30812 | Snake:2  | Found a transporter.
 30951 | Snake:2  | Found Nasusuhu's Armour Shop.
 31036 | Snake:2  | Identified the +0 cloak "Jisep" {rPois rC- Regen+ Str-5}
                  | (Okawaru gifted it to you on level 2 of the Snake Pit)
 31036 | Snake:2  | Received a gift from Okawaru
 31431 | Snake:2  | Found a bloodstained altar of Trog.
 31431 | Snake:2  | Noticed Hizuomou's ghost (journeyman OpTm)
 31443 | Snake:2  | Found a transporter.
 31457 | Snake:2  | Reached skill level 5 in Earth Magic
 31457 | Snake:2  | Identified the ring of Wudod {EV+5 Str+3 Int+5}
 31468 | Snake:2  | Identified a scroll of acquirement
 31525 | Snake:2  | Acquired an amulet of faith
 32303 | Snake:3  | Identified the +1 hat of Epolut {Fly Will- Int+3} (Okawaru
                  | gifted it to you on level 3 of the Snake Pit)
 32303 | Snake:3  | Received a gift from Okawaru
 32699 | Snake:4  | Entered Level 4 of the Snake Pit
 32850 | Snake:3  | Reached skill level 18 in Fighting
 32850 | Snake:3  | Reached XP level 18. HP: 117/125 MP: 7/27
 32862 | Snake:4  | Noticed Vashnia
 32874 | Snake:4  | Noticed Kirke
 32896 | Snake:3  | Killed Vashnia
 32990 | Snake:4  | Identified the +2 kite shield "Quenwuc" {Contam rN+ Regen+}
 33422 | Snake:3  | Killed Kirke
 34386 | Snake:4  | Identified the -2 pair of boots of Marbles {rPois Str+4}
                  | (Okawaru gifted it to you on level 4 of the Snake Pit)
 34386 | Snake:4  | Received a gift from Okawaru
 34549 | Snake:4  | Reached skill level 15 in Armour
 34549 | Snake:4  | Reached skill level 5 in Spellcasting
 34804 | Snake:4  | Got a serpentine rune of Zot
 35117 | Snake:4  | Received a gift from Okawaru
 35472 | Vaults:1 | Entered Level 1 of the Vaults
 35599 | Vaults:1 | Reached XP level 19. HP: 132/132 MP: 9/28
 35608 | Vaults:1 | You are sucked into a shaft and drop 1 floor!
 35649 | Arena    | Entered the Arena
 35949 | Vaults:1 | Reached skill level 5 in Necromancy
 36068 | Vaults:1 | Received a gift from Okawaru
 36281 | Vaults:1 | Reached skill level 19 in Fighting
 36321 | Vaults:1 | Received a gift from Okawaru
 36613 | Vaults:1 | Received a gift from Okawaru
 37043 | Vaults:2 | Found a portal to a secret trove of treasure.
 37190 | Vaults:2 | Noticed a dread lich
 37203 | Vaults:2 | Killed a dread lich
 37224 | Vaults:2 | Acquired a +0 tower shield of protection
 37448 | Vaults:2 | Found Mixiufri's Antique Weapon Emporium.
 37461 | Vaults:2 | Received a gift from Okawaru
 37526 | Vaults:2 | Found a staircase to the Crypt.
 37526 | Vaults:2 | Found an ancient bone altar of Kikubaaqudgha.
 37526 | Vaults:2 | Found a basalt altar of Yredelemnul.
 37639 | Vaults:2 | Reached skill level 10 in Shields
 37663 | Vaults:2 | Found a runed translucent gate.
 37663 | Vaults:2 | Found a runed translucent gate.
 37663 | Vaults:2 | Found a runed translucent gate.
 37665 | Vaults:2 | Noticed Lisoumnu's ghost (adept VSBe)
 37766 | Vaults:2 | Received a gift from Okawaru
 37783 | Vaults:2 | Received a gift from Okawaru
 37866 | Vaults:2 | Reached XP level 20. HP: 116/139 MP: 9/29
 38541 | Vaults:2 | Killed Lisoumnu's ghost
 38642 | Vaults:3 | Found Jeam Opp's Assorted Antiques.
 38646 | Vaults:3 | Bought a scroll of blinking for 202 gold pieces
 38646 | Vaults:3 | Bought the +3 pair of gauntlets of War {Slay+5} for 1282
                  | gold pieces
 38646 | Vaults:3 | Found the +3 pair of gauntlets of War {Slay+5}
 38780 | Vaults:3 | Found Cuajeaqu's Assorted Antiques.
 39004 | Vaults:3 | Identified the +6 long sword of Unoak {vamp, Str+3}
 39083 | Vaults:3 | Reached skill level 20 in Fighting
 39413 | Vaults:3 | Found Sivuythy's Antique Weapon Boutique.
 39420 | Vaults:3 | Found Juniunwa's Assorted Antiques.
 39426 | Vaults:3 | Bought a potion of heal wounds for 185 gold pieces
 39564 | Vaults:3 | Found Xah Mavu's Distillery.
 39907 | Vaults:3 | Received a gift from Okawaru
 40708 | Vaults:4 | Received a gift from Okawaru
 40708 | Vaults:4 | Found the +0 pair of fencer's gloves {Riposte Dex+3}
 41370 | Vaults:4 | Reached XP level 21. HP: 147/147 MP: 10/30
 42105 | Depths:1 | Entered Level 1 of the Depths
 42108 | Depths:1 | Found a runed translucent gate.
 42109 | Depths:1 | Found a runed translucent gate.
 42110 | Depths:1 | Found a runed translucent gate.
 42112 | Depths:1 | Noticed Maimpaagh's ghost (adept GrEE)
 42335 | Arena    | Entered the Arena
 42508 | Depths:1 | Reached skill level 21 in Fighting
 42530 | Depths:1 | Received a gift from Okawaru
 42724 | Depths:1 | Found a radiant altar of Vehumet.
 42813 | Depths:1 | Noticed Asterion
 42820 | Depths:1 | Killed Asterion
 42948 | Depths:1 | Found a one-way gate to the infinite horrors of the Abyss.
 43031 | Depths:1 | Found a gateway to Hell.
 43390 | Depths:2 | Noticed Grunn
 43415 | Depths:1 | Identified the +6 chain mail "Rokhai" {+Inv rF+ Regen+
                  | Str+2} (Okawaru gifted it to you on level 1 of the Depths)
 43415 | Depths:1 | Received a gift from Okawaru
 43617 | Depths:2 | Noticed Bai Suzhen
 43774 | Depths:1 | Noticed a bone dragon
 43789 | Depths:1 | Killed a bone dragon
 43863 | Depths:1 | Noticed a bone dragon
 43891 | Depths:1 | Killed a bone dragon
 43977 | Depths:1 | Killed Grunn
 44210 | Vaults:3 | Bought a potion of heal wounds for 95 gold pieces
 44401 | Orc:2    | Bought a potion of heal wounds for 65 gold pieces
 44419 | Elf:1    | Entered Level 1 of the Elven Halls
 44526 | Elf:1    | Paralysed by an air elemental for 1 turns
 44572 | Elf:1    | Received a gift from Okawaru
 44696 | Elf:1    | Reached XP level 22. HP: 156/156 MP: 10/31
 44967 | Elf:1    | Found Eqoiz's Magic Scroll Shop.
 44987 | Elf:1    | Bought a scroll of acquirement for 676 gold pieces
 44987 | Elf:1    | Acquired 888 gold pieces
 45029 | Elf:1    | Identified the amulet of Wiczicwu {RegenMP Harm rC+ Int+4
                  | Dex+5}
 45197 | Elf:1    | You are sucked into a shaft and drop 1 floor!
 45216 | Elf:2    | Found a runed translucent gate.
 45217 | Elf:2    | Found a runed translucent gate.
 45218 | Elf:2    | Found a runed translucent gate.
 45262 | Elf:2    | Paralysed by an air elemental for 1 turns
 45272 | Elf:2    | Paralysed by an air elemental for 1 turns
 45278 | Elf:2    | Paralysed by an air elemental for 1 turns
 45283 | Elf:2    | Paralysed by an air elemental for 1 turns
 45290 | Elf:2    | Paralysed by an air elemental for 1 turns
 45297 | Elf:2    | Reached skill level 22 in Fighting
 45349 | Elf:2    | Found Gis Wuo's General Store.
 45585 | Elf:2    | Identified the +4 shortbow "Piz Miph" {speed, Stlth+}
 45604 | Elf:1    | Paralysed by an air elemental for 1 turns
 45621 | Elf:3    | Entered Level 3 of the Elven Halls
 45857 | Elf:2    | Received a gift from Okawaru
 46159 | Elf:3    | Found a runed translucent gate.
 46159 | Elf:3    | Found a runed translucent gate.
 46159 | Elf:3    | Found a runed translucent gate.
 47370 | Elf:3    | Identified the +0 cloak "Newacs" {rPois Dex+3} (Okawaru
                  | gifted it to you on level 3 of the Elven Halls)
 47370 | Elf:3    | Received a gift from Okawaru
 48221 | Elf:3    | Identified the +5 falchion of Mesh {distort, rElec Str+3
                  | Dex+3}
 48234 | Abyss:2  | Found a corrupted altar of Lugonu.
 48234 | Abyss:2  | Cast into level 2 of the Abyss (a deep elf sorcerer)
 48286 | Elf:3    | Escaped the Abyss
 48304 | Elf:3    | Identified the +5 shortbow of Tartarus {heavy, rC+ rN++
                  | Dex-3}
 48311 | Elf:3    | Got Sif Muna's Grimoire of Flamy Electricity
 48985 | Depths:2 | Identified the ring "Ynlisk" {Ice rElec Will+ Str+4 Stlth-}
 48985 | Depths:2 | Noticed Josephina
 49341 | Depths:2 | Killed Josephina
 49853 | Depths:2 | Found a corrupted altar of Lugonu.
 49868 | Depths:2 | Found the +5 glaive of the Guard {elec, spectral, AC+5}
 49961 | Depths:2 | You are sucked into a shaft and drop 1 floor!
 50105 | Depths:3 | Noticed Louise
 50123 | Depths:3 | Killed Louise
 50142 | Depths:3 | Received a gift from Okawaru
 50160 | Depths:3 | Found a flickering gateway to a bazaar.
 50167 | Depths:3 | Reached XP level 23. HP: 117/164 MP: 10/32
 50231 | Bazaar   | Entered a bazaar
 50486 | Bazaar   | Found Nelegum's Antique Weapon Boutique.
 50491 | Bazaar   | Found Byuts's Armour Shoppe.
 50506 | Bazaar   | Found Qesidaes's Antique Armour Shoppe.
 50512 | Bazaar   | Found Xasorugara's Antique Weapon Boutique.
 50606 | Depths:3 | Noticed a caustic shrike
 50610 | Depths:3 | Identified the +9 ice dragon scales of the Other World
                  | {Rampage rF- rC++ SInv}
 50614 | Depths:3 | Killed a caustic shrike
 51221 | Depths:1 | Killed Bai Suzhen
 51247 | Depths:2 | Reached skill level 23 in Fighting
 51925 | Depths:3 | Learned a level 8 spell: Lehudib's Crystal Spear
 51945 | Depths:4 | Entered Level 4 of the Depths
 52082 | Depths:4 | Found a one-way gateway to a ziggurat.
 52461 | Depths:4 | Reached skill level 1 in Conjurations
 52465 | Depths:4 | Noticed a golden dragon
 52473 | Depths:4 | Killed a golden dragon
 52632 | Depths:4 | Acquired a manual of Necromancy
 52641 | Depths:4 | Identified the +7 hand axe "Daobirph" {holy, *Slow rCorr
                  | Str+3}
 52867 | Depths:4 | Noticed Margery
 52888 | Depths:4 | Killed Margery
 52888 | Depths:4 | Identified the +2 kite shield of Impermeability {Str+3
                  | Int+3} (Okawaru gifted it to you on level 4 of the Depths)
 52888 | Depths:4 | Received a gift from Okawaru
 53148 | Depths:4 | Noticed Sojobo
 53174 | Depths:4 | Killed Sojobo
 53674 | Depths:4 | Found a gate to the Realm of Zot.
 53677 | Depths:4 | Noticed a golden dragon
 53687 | Depths:4 | Killed a golden dragon
 54428 | Vaults:5 | Entered Level 5 of the Vaults
 54429 | Vaults:5 | Noticed a dread lich
 54466 | Vaults:5 | Noticed a dread lich
 54475 | Vaults:5 | Killed a dread lich
 54476 | Vaults:5 | Reached XP level 24. HP: 110/172 MP: 6/32
 54554 | Vaults:5 | Identified the +3 steam dragon scales of Perpetual Drought
                  | {+Blink rF+++ rC- Str+3} (Okawaru gifted it to you on level
                  | 5 of the Vaults)
 54554 | Vaults:5 | Received a gift from Okawaru
 54573 | Vaults:5 | Identified the +12 sling of Subterfuge {antimagic, Str-4
                  | Int+8 Dex+3}
 54915 | Vaults:5 | Noticed a dread lich
 54923 | Vaults:4 | Killed a dread lich
 55117 | Vaults:4 | Reached skill level 10 in Dodging
 55663 | Vaults:5 | Noticed an ancient lich
 55692 | Vaults:4 | Reached skill level 24 in Fighting
 56271 | Vaults:5 | Killed a dread lich
 56471 | Vaults:5 | Identified the +9 war axe of Macaugh {flame, rPois rC++
                  | Dex+4} (Okawaru gifted it to you on level 5 of the Vaults)
 56471 | Vaults:5 | Received a gift from Okawaru
 56609 | Vaults:5 | Noticed an ancient lich
 56618 | Vaults:5 | Killed an ancient lich
 57337 | Vaults:5 | Reached skill level 15 in Shields
 57541 | Vaults:5 | Reached XP level 25. HP: 155/180 MP: 10/32
 57598 | Vaults:5 | Received a gift from Okawaru
 57615 | Vaults:5 | Killed an ancient lich
 57775 | Vaults:5 | Found the +3 Mad Mage's Maulers {Infuse+∞ VampMP -Cast}
 58033 | Vaults:5 | Identified the +3 short sword "Erath" {heavy, rN+ Str+4}
 58236 | Vaults:5 | Got Vehytebb's Quarto of Weird Nightshade
 58298 | Vaults:5 | Found the +2 pair of slick slippers {slick, slippery, EV+5}
 58307 | Vaults:5 | Got the Annotations on Rocky Intoxication
 58309 | Vaults:5 | Got a silver rune of Zot
 58707 | Zot:1    | Entered Level 1 of the Realm of Zot
 59551 | D:15     | Bought a scroll of fear for 52 gold pieces
 59753 | Elf:1    | Bought a scroll of fear for 52 gold pieces
 59753 | Elf:1    | Bought a scroll of teleportation for 39 gold pieces
 59753 | Elf:1    | Bought a scroll of teleportation for 39 gold pieces
 59753 | Elf:1    | Bought a scroll of magic mapping for 97 gold pieces
 59753 | Elf:1    | Bought a scroll of magic mapping for 97 gold pieces
 59947 | Vaults:2 | You paid a toll of 7 scrolls of fear to enter a treasure
                  | trove
 59948 | Trove    | Entered a treasure trove
 59982 | Trove    | Identified the amulet "Pirynixu" {RegenMP rN+}
 60063 | Vaults:2 | Reached skill level 25 in Fighting
 60063 | Vaults:2 | Reached XP level 26. HP: 188/188 MP: 10/32
 60673 | Depths:4 | Identified the +6 great mace "Xuemae" {freeze, Int+2}
                  | (Okawaru gifted it to you on level 4 of the Depths)
 60673 | Depths:4 | Received a gift from Okawaru
 62000 | Zot:1    | Noticed an orb of fire
 62006 | Zot:1    | Killed an orb of fire
 62332 | Zot:2    | Identified the +10 crystal plate armour "Usaepp" {rF+}
                  | (Okawaru gifted it to you on level 2 of the Realm of Zot)
 62332 | Zot:2    | Received a gift from Okawaru
 64051 | Zot:3    | Found a runed translucent gate.
 64051 | Zot:3    | Found a runed translucent gate.
 64053 | Zot:3    | Found a runed translucent gate.
 64053 | Zot:3    | Found an opulent altar of Gozag.
 64055 | Zot:3    | Found Hewkunoe's Assorted Antiques.
 64055 | Zot:3    | Noticed Zaets's ghost (veteran SpEn)
 64951 | Zot:3    | Killed Zaets's ghost
 65106 | Zot:3    | Bought a scroll of blinking for 292 gold pieces
 65133 | Zot:3    | Bought a runed helmet for 292 gold pieces
 65422 | Zot:4    | Reached XP level 27. HP: 131/195 MP: 10/32
 65644 | Zot:4    | Reached skill level 26 in Fighting
 66363 | Zot:5    | Entered Level 5 of the Realm of Zot
 67021 | Zot:5    | Noticed a dread lich
 67032 | Zot:5    | Killed a dread lich
 67192 | Zot:5    | Identified the +0 robe "Megafair" {rF+}
 67225 | Zot:5    | Noticed an orb of fire
 67238 | Zot:5    | Killed an orb of fire
 67239 | Zot:5    | Noticed an ancient lich
 67239 | Zot:5    | Noticed an orb of fire
 67239 | Zot:5    | Noticed an orb of fire
 67239 | Zot:5    | Noticed a dread lich
 67240 | Zot:5    | Noticed a dread lich
 67243 | Zot:5    | Killed an orb of fire
 67243 | Zot:5    | Received a gift from Okawaru
 67244 | Zot:5    | Gained mutation: Your body sometimes deteriorates upon
                  | taking damage. [an orb of fire]
 67251 | Zot:5    | Gained mutation: You are very dopey. (Int -4) [an orb of
                  | fire]
 67256 | Zot:5    | Killed an orb of fire
 67265 | Zot:5    | Killed an ancient lich
 67271 | Zot:5    | Killed a dread lich
 67277 | Zot:5    | Noticed an ancient lich
 67277 | Zot:5    | Noticed a dread lich
 67282 | Zot:5    | Killed an ancient lich
 67290 | Zot:5    | Noticed an orb of fire
 67298 | Zot:5    | Killed an orb of fire
 67307 | Zot:5    | Killed a dread lich
 67363 | Zot:5    | Killed a dread lich
 67363 | Zot:5    | Received a gift from Okawaru
 68045 | Zot:5    | Received a gift from Okawaru
 68251 | Zot:5    | Got the Orb of Zot
 68411 | Zot:2    | Noticed Qiefoir the pandemonium lord
 68425 | Depths:4 | Noticed Yxkatsef the pandemonium lord
 68727 | D:9      | Noticed Bumegy the pandemonium lord
 68760 | D:7      | Killed Bumegy the pandemonium lord
 68876 | D:$      | Escaped with the Orb!

Illustrated notes

Levels and vault maps discovered:
D:1:      dpeg_arrival_pond, layout_loops_corners,
          shapermc_ecumenical_altar_flowoftime
D:2:      layout_loops_ring, basic_altar, uniq_jessica, uniq_robin
D:3:      minmay_octagon_keep, layout_loops_ring, serial_shops, shop,
          corexii_corridor_pit, minmay_gold_behind_fungi
D:4:      layout_basic, trog_book, nicolae_ru_great_annihilating_truth,
          serial_glass, glass_columns_a, glass_columns_b, glass_columns_a,
          glass_columns_b, glass_columns_a, glass_columns_c, glass_columns_a,
          glass_columns_a, uniq_natasha
D:5:      layout_basic, overflow_temple_1_default, temple_doors_cd,
          serial_shops, kennysheep_mini_moat, uniq_crazy_yiuf_cottage
D:6:      layout_cave_pods, mainiacjoe_overflow_concentric_impassable,
          uniq_sigmund
D:7:      layout_rooms, old_standard_altar
D:8:      layout_rooms, kennysheep_mini, reono_crystal_passage
D:9:      layout_roguey, slow_altar_2, mainiacjoe_overflow_boulevard,
          nicolae_overflow_hidden_temple, mainiacjoe_overflow_surrounded_room,
          mainiacjoe_overflow_brackets, ebering_ghost_xom
D:10:     layout_cave_pools, serial_column_ruins,
          column_ruins_corridor_straight, column_ruins_grid_3,
          column_ruins_open_small, column_ruins_grid_3, column_ruins_grid_1,
          column_ruins_columns_corner, column_ruins_grid_1,
          minmay_fire_ice_demons, uniq_gastronok
D:11:     layout_stronghold, dpeg_oklobed_lair, hiddenorc1_lemuel,
          skrybe_limestone_x, minivault_8
D:12:     layout_big_octagon, serial_bayou, serial_bayou_ford_a,
          serial_bayou_pond_d, serial_bayou_pond_b, serial_bayou_lagoon_a,
          hangedman_decor_riveting
D:13:     layout_loops_ring, grunt_vaults_entry_fortified
D:14:     layout_stronghold, serial_shops, nicolae_shop_trees,
          nicolae_qazlal_style_of_elements
D:15:     grunt_enter_depths_snipers, layout_irregular_city,
          kiku_gazebo_garden_becter, serial_shops, shop
Temple:   bh_familiar_temple
Lair:1:   layout_cave_pods, serial_bayou_shore_a, infiniplex_staircase_pool_2
Lair:2:   layout_cave_shapes, lemuel_centaur_altar
Lair:3:   layout_regular_city, swamp_mist_pool,
          minmay_snake_entry_guardpost_small
Lair:4:   layout_cave_pods, slime_entry_1, st_stairs_3,
          pdpol_lair_neglected_garden, infiniplex_staircase_pool
Lair:5:   hangedman_lair_in_review, layout_concentric_octagons, uniq_snorg
Swamp:1:  layout_falls_marsh, nicolae_swamp_tree_isthmus, swamp_pool4,
          grunt_lady_of_the_lake
Swamp:2:  layout_basic_swamp, nicolae_swamp_tree_designs, swamp_pool2,
          uniq_nikola
Swamp:3:  layout_falls_marsh, serial_swamp_ruin, evilmike_swamp_ruin_house_5,
          evilmike_swamp_ruin_rubble_2, evilmike_swamp_ruin_house_2
Swamp:4:  swamp_basic_johnstein, layout_basic_swamp
Snake:1:  nicolae_snake_shooting_gallery, layout_honeycomb, drop_trap
Snake:2:  layout_concentric_octagons, gammafunk_ghost_wrathful_warriors,
          serial_shops, nicolae_shop_behind_doors, lemuel_fruit_tree
Snake:3:  layout_cave_town
Snake:4:  grunt_snake_rune_spirals, layout_onion_interference, uniq_kirke,
          uniq_vashnia
Orc:1:    layout_caves, basic_altar
Orc:2:    pf_orc_diabolical, layout_diamond_mine, special_room
Elf:1:    nicolae_elf_arrival_fired_up, layout_loops_ring, serial_shops,
          shop_scrolls, minivault_28, nrook_loot_triangle
Elf:2:    nicolae_elf_blades_splatter_lattice [nooodl_blade_entry_preview],
          layout_rooms, serial_shops, shop, hangedman_glass_teeth
Elf:3:    elf_hall_gauntlet_wide, layout_gridlike,
          ploomutoo_gammafunk_ghost_potion_laboratory, grunt_ministairs_8,
          nrook_uturn, lemuel_flamethrower_3
Vaults:1: nicolae_vaults_circle_grid_a, vaults_mumra_hexcomb,
          hangedman_vaults_maws, ontoclasm_vaults_eye, nicolae_vaults_meeting,
          hangedman_vaults_cutoff, nicolae_vaults_network_square,
          grunt_vaults_focal, v_pattern_2, v_misc_15, nicolae_vaults_theta,
          v_misc_22, nicolae_vaults_shelves_hall, layout_vaults_ring
Vaults:2: gammafunk_ghost_necromancy, hangedman_vaults_nails,
          dpeg_vaults_monster_box, vaults_dpeg_doors, vaults_room_boxed,
          vaults_room_mumra_shop_pool, minmay_crypt_entry_necro_gods,
          vaults_room_glass_cross, hangedman_vaults_slice,
          nicolae_vaults_shelves_hall, nicolae_vaults_ring_of_whatevers,
          vaults_mumra_minichess, nicolae_vaults_mini_display_case,
          vaults_dpeg_emergency_exit, layout_vaults_omnicross,
          nicolae_trove_entry_crossroad
Vaults:3: nicolae_vaults_bisected_slash, v_misc_14, vaults_mumra_lcd,
          layout_vaults_quadrants, serial_shops, nicolae_shop_crystal,
          nicolae_shop_behind_doors, nicolae_shop_hallway_stairs,
          nicolae_shop_hallway_plus, shop_fountains
Vaults:4: v_misc_10, ontoclasm_vaults_fault, nicolae_vaults_little_squares_6,
          v_misc_8, nicolae_vaults_shelves_hall,
          vaults_standard_mumra_enter_the_diamond, vaults_standard_mumra_x,
          vaults_room_stairs_pillars, ontoclasm_vaults_chip,
          layout_vaults_big_room
Vaults:5
Depths:1: layout_basic, vehumet_crystals, hangedman_abyss_entry_splay,
          hangedman_coc_ice_floe, ebering_ghost_rock_garden,
          columned_hall_lemuel, grunt_ministairs_15, beargit_elvish_explorers,
          uniq_asterion
Depths:2: minmay_shoctagon, layout_cave_pools, grunt_decor_fettered,
          ebering_ghost_reflecting_pool, hell_entry, pan_entry,
          abyss_entry_flame_altar, minmay_statues_item, uniq_bai_suzhen,
          uniq_grunn, uniq_josephina
Depths:3: minmay_the_grid_square_5x5_4x4
          [minmay_the_grid_square_5x5_spiral_small,
          minmay_the_grid_square_5x5_minibox, minmay_the_grid_square_5x5_c,
          minmay_the_grid_square_5x5_plus, minmay_the_grid_square_5x5_hourglass,
          minmay_the_grid_square_5x5_prize_pseudospiral,
          minmay_the_grid_square_5x5_prize_monsterx,
          minmay_the_grid_square_5x5_comb, minmay_the_grid_square_5x5_inner_i,
          minmay_the_grid_square_5x5_prize_rear_guard,
          minmay_the_grid_square_5x5_prize_gold,
          minmay_the_grid_square_5x5_inset,
          minmay_the_grid_square_5x5_two_walls_b,
          minmay_the_grid_square_5x5_lines,
          minmay_the_grid_square_5x5_tri_point,
          minmay_the_grid_square_5x5_sharp_hourglass], layout_gridville,
          hell_entry, serial_shops, bzr_entry_gold,
          nicolae_abyss_entry_one_way_or_another,
          infiniplex_staircase_spiral_double
Depths:4: grunt_zot_entry_bicorn, layout_basic, enter_ziggurat_c,
          grunt_metal_band, abyss_entry, nrook_pool_corridor, uniq_sojobo,
          uniq_margery
Zot:1:    grunt_twist_and_shout, layout_concentric_octagons
Zot:2:    layout_onion
Zot:3:    layout_cathedral_of_symmetry, ebering_ghost_gozag
Zot:4:    layout_onion_interference
Zot:5:    layout_cathedral_of_symmetry, nicolae_zot_crop_circle

Skill      XL: |  1  2  3  4  5  6  7  8  9 10 11 12 13 14 15 16 17 18 19 20 21 22 23 24 25 26 27 |
---------------+----------------------------------------------------------------------------------+-----
Maces & Flails | 3 4 5 6 7 9 10 11 12 13 14 15 16 17 18 19 20 | 20.6
Invocations    | 2 4 5 6 7 9 10 11 12 13 | 13.0
Evocations     | 2 3 4 5 6 7 8 |  8.0
Armour         | 4 5 6 7 8 9 11 12 13 14 15 16 17 19 20 21 22 23 24 | 24.6
Shields        | 4 5 6 7 8 9 10 11 12 13 14 15 17 19 | 19.5
Fighting       | 4 5 7 9 10 12 14 16 17 18 19 20 21 22 23 24 25 26 | 26.6
Dodging        | 2 3 4 5 6 7 8 9 10 11 | 11.1
Earth Magic    | 3 5 6 8 9 |  9.3
Spellcasting   | 2 4 5 6 |  6.6
Necromancy     | 2 3 4 5 6 7 |  7.0
Conjurations   | 2 |  2.9

Action                     |  1- 3 |  4- 6 |  7- 9 | 10-12 | 13-15 | 16-18 | 19-21 | 22-24 | 25-27 || total
---------------------------+-------+-------+-------+-------+-------+-------+-------+-------+-------++-------
  Melee: Flail             |    70 |   310 |   365 |       |       |       |       |       |       ||   745
         Morningstar       |       |       |    97 |   852 |       |       |       |       |       ||   949
         Eveningstar       |       |       |       |    75 |   976 |  1172 |  1484 |  1456 |  1107 ||  6270
  Throw: Throwing net      |       |       |       |     1 |       |       |       |       |       ||     1
         Boomerang         |       |       |       |       |       |    10 |       |       |       ||    10
         Dart              |       |       |       |       |       |     3 |       |       |       ||     3
 Invoke: Heroism           |       |       |       |     2 |     2 |     8 |    13 |    20 |     5 ||    50
         Finesse           |       |       |       |       |     1 |     2 |     2 |     7 |     8 ||    20
         Duel              |       |       |       |       |       |       |     2 |       |       ||     2
  Evoke: Wand              |       |       |     5 |    14 |    16 |    25 |     4 |     3 |    13 ||    80
         Condenser vane    |       |       |       |       |     1 |     1 |       |       |       ||     2
         Tin of tremorston |       |       |       |       |       |       |       |     1 |       ||     1
    Use: Scroll            |       |       |       |     8 |    19 |     6 |     5 |    19 |    17 ||    74
         Potion            |       |       |       |       |     1 |       |     3 |    12 |    10 ||    26
   Stab: Paralysed         |       |       |       |       |       |     4 |     1 |       |       ||     5
 Armour: Scale mail        |    21 |   211 |   133 |       |       |       |       |       |       ||   365
         Chain mail        |       |       |   123 |   236 |   473 |   786 |   789 |   142 |       ||  2549
         Plate armour      |       |       |    13 |   387 |       |       |       |   841 |    14 ||  1255
         Gold dragon scale |       |       |       |       |       |       |       |       |   226 ||   226
         Crystal plate arm |       |       |       |       |       |       |       |       |   411 ||   411
  Dodge: Dodged            |    20 |   156 |   139 |   302 |   327 |   462 |   438 |   441 |   244 ||  2529
  Block: Buckler           |     5 |    62 |    65 |   179 |   207 |   275 |       |       |       ||   793
         Kite shield       |       |       |       |       |       |   181 |   180 |       |       ||   361
         Tower shield      |       |       |       |       |       |       |   951 |  1358 |   769 ||  3078
         Reflection        |       |       |       |       |       |       |       |    14 |    11 ||    25

Table legend: (Time is in decaauts)
 A = Elapsed time spent in this place.
 B = Non-inter-level travel time spent in this place.
 C = Inter-level travel time spent in this place.
 D = Time resting spent in this place.
 E = Time spent auto-exploring this place.
 F = Levels seen in this place.
 G = Mean time per level.
                   A        B        C        D        E       F      G
               +--------+--------+--------+--------+--------+-----+--------+
         Total |  67817 |  55365 |  12452 |  11453 |  26350 |  53 | 1279.6 |
       Dungeon |  18994 |  16361 |   2633 |   2155 |   9629 |  15 | 1266.3 |
        Temple |    196 |    173 |     23 |      0 |    167 |   1 |  196.0 |
          Lair |   6277 |   5030 |   1247 |    471 |   3293 |   5 | 1255.4 |
         Swamp |   3323 |   2738 |    585 |    310 |   1448 |   4 |  830.8 |
     Snake Pit |   5771 |   4108 |   1663 |    410 |   1956 |   4 | 1442.8 |
  Orcish Mines |   2283 |   1770 |    513 |    136 |    866 |   2 | 1141.5 |
   Elven Halls |   4137 |   2931 |   1206 |    137 |   1173 |   3 | 1379.0 |
        Vaults |  10209 |   8752 |   1457 |   2254 |   3775 |   5 | 2041.8 |
        Depths |   8464 |   6965 |   1499 |   3341 |   1572 |   4 | 2116.0 |
           Zot |   7644 |   6020 |   1624 |   1950 |   2356 |   5 | 1528.8 |
         Abyss |     51 |     51 |      0 |      0 |      0 |   1 |   51.0 |
        Bazaar |    299 |    299 |      0 |    252 |     37 |   1 |  299.0 |
         Trove |    113 |    113 |      0 |      0 |     78 |   1 |  113.0 |
         Arena |     49 |     49 |      0 |     34 |      0 |   2 |   24.5 |
               +--------+--------+--------+--------+--------+-----+--------+

Top non-repeatable levels by time:
Depths:4: 3015 daAuts
Vaults:4: 2922 daAuts
Depths:1: 2766 daAuts
   Elf:3: 2394 daAuts
Vaults:5: 2232 daAuts
   Zot:1: 2085 daAuts
    D:11: 2053 daAuts
 Snake:3: 1946 daAuts
   Zot:3: 1853 daAuts
Depths:3: 1840 daAuts
Vaults:1: 1757 daAuts
  Lair:5: 1755 daAuts
   Zot:5: 1748 daAuts
Vaults:2: 1739 daAuts
   Orc:2: 1734 daAuts
